 Dungeon Crawl Stone Soup version 0.29.0-4-gdea44cf6ec (webtiles) character file.

Game seed: 10765306778134831892

3654 qw the Cleaver (level 10, -12/60 HPs)
             Began as a Tengu Warper on Aug 28, 2022.
             Was a Priest of Okawaru.
             Hit by a stone thrown by a tengu warrior (15 damage)
             ... on level 9 of the Dungeon.
             The game lasted 00:00:48 (8162 turns).

qw the Cleaver (Tengu Warper)                       Turns: 8162, Time: 00:00:48

Health: -12/60     AC: 20    Str: 16    XL:     10   Next: 12%
Magic:  14/14      EV:  9    Int: 14    God:    Okawaru [***...]
Gold:   259        SH:  0    Dex: 13    Spells: 13/13 levels left

rFire   . . .      SeeInvis +   Y - +1 hand axe
rCold   . . .      Faith    .   (no shield)
rNeg    . . .      Spirit   .   a - +0 plate armour
rPois   .          Reflect  .   (helmet restricted)
rElec   .          Harm     .   (no cloak)
rCorr   .          Rampage  .   i - +0 pair of gloves {hurl}
Will    .....                   (boots unavailable)
Stlth   ..........              (no amulet)
HPRegen 0.20/turn               n - +4 ring of protection
MPRegen 0.14/turn               b - ring of see invisible

@: about to teleport, heroic, flying quickly and evasively, quick
A: beak, talons 3, nimble flight
a: Renounce Religion, Heroism


You were on level 9 of the Dungeon.
You worshipped Okawaru.
Okawaru was most pleased with you.
You visited 2 branches of the dungeon, and saw 10 of its levels.

You collected 348 gold pieces.
You spent 89 gold pieces at shops.


Innate Abilities, Weirdness & Mutations

You have a beak for a mouth.
You have claws for feet.
Your magical nature lets you fly swiftly and evasively.


   Skills:
 - Level 5.6(10.6) Fighting
 - Level 12.0(17.0) Axes
 - Level 3.0(8.0) Throwing
 + Level 5.4(10.4) Armour
 - Level 2.1(7.1) Dodging
 - Level 2.0 Spellcasting
 - Level 2.4 Translocations
 - Level 4.0 Invocations


You had 13 spell levels left.
You didn't know any spells.
Your spell library contained the following spells:

 Spells                   Type           Power      Damage    Failure   Level
 Blink                    Tloc           16%        N/A       99%         2
 Gell's Gravitas          Tloc           8%         N/A       100%        3
 Lesser Beckoning         Tloc           8%         N/A       100%        3
 Teleport Other           Tloc           8%         N/A       100%        3
 Manifold Assault         Tloc           8%         N/A       100%        5

Inventory:

Hand Weapons
 q - a +0 flail
 Y - a +1 hand axe (weapon)
Missiles
 h - 4 javelins (quivered)
Armour
 a - a +0 plate armour (worn)
 i - a +0 pair of gloves of hurling (worn)
Jewellery
 b - a ring of see invisible (right hand)
 n - a +4 ring of protection (left hand)
Scrolls
 e - 2 scrolls of teleportation
 f - a scroll of identify
Potions
 c - a potion of curing
 d - a potion of resistance
 g - a potion of cancellation
 j - a potion of heal wounds {unknown}
 m - a potion of might {unknown}

Dungeon Overview and Level Annotations

Branches:
Dungeon (9/15)             Temple (1/1) D:4
   Lair: D:8-11         Orc: D:9-12

Altars:
Ashenzari
Cheibriados
Dithmenos
Elyvilon
Fedhas
Hepliaklqana
Kikubaaqudgha
Nemelex Xobeh
Okawaru
Ru
Sif Muna
Trog
Uskayaw
Vehumet
Wu Jian
Yredelemnul
Zin
The Shining One

Shops:
D:1 ?*(*   D:2 (   D:3 =?*[[   D:6 :

Annotations:
D:7 3 runed translucent doors, qw's ghost, novice TeWr


Message History

You punch the two-headed ogre, but do no damage.
The two-headed ogre is lightly wounded.
You hear a shout!
A tengu warrior comes into view. It is wielding a +0 great sword.
The two-headed ogre misses you.
The two-headed ogre hits you but does no damage.
The centaur shoots an arrow.
The arrow hits you but does no damage.
An orc warrior comes into view. It is wielding a +0 short sword.
The orc warrior shouts!
You hit the two-headed ogre.
The two-headed ogre is lightly wounded.
You hit the two-headed ogre.
The two-headed ogre is lightly wounded.
You hit the two-headed ogre but do no damage.
You claw the two-headed ogre, but do no damage.
You punch the two-headed ogre!
The two-headed ogre is moderately wounded.
The two-headed ogre barely misses you.
The two-headed ogre completely misses you.
You completely miss the two-headed ogre.
You claw the two-headed ogre, but do no damage.
The two-headed ogre is moderately wounded.
The centaur shoots an arrow.
The arrow hits you but does no damage.
You slash the two-headed ogre! Your kick misses the two-headed ogre.
The two-headed ogre is moderately wounded.
An orc wizard comes into view.
It is wielding a +0 dagger and wearing a +2 robe of cold resistance.
The two-headed ogre closely misses you.
The two-headed ogre hits you with a +0 giant club!
8161 ||| READING 3 scrolls of teleportation.
As you read the scroll of teleportation, it crumbles to dust.
You feel strangely unstable.
The centaur shoots an arrow.
The arrow hits you!
A yak comes into view.
You hear a shout!
You completely miss the two-headed ogre.
The yak bellows!
Your kick misses the two-headed ogre. Your peck misses the two-headed ogre.
The two-headed ogre is moderately wounded.
The tengu warrior throws a stone.
The stone hits you!
You die...

#. #. #.
#Y.o #.
..oo.. #.
#..p#.. #.
#(..#..
#.#$.c#...#
#.O#Q..#...
#.@(#...#..
#..).......
##)%##...#
##.# #..
#.# # #<#
#.# #.# ..#


You could see a tengu warrior, a two-headed ogre, a wizard, a yak, a centaur and
2 orc wizards.

Vanquished Creatures
  A hornet (D:8)
  Sigmund (D:3)
  6 yaks (D:8)
  A wyvern (D:9)
  A water moccasin (D:9)
  A sky beast (D:6)
  An ice beast (D:6)
  4 ogres
  3 centaurs
  A phantom (D:5)
  A kobold brigand (D:7)
  4 bullfrogs
  2 necrophages (D:5)
  4 scorpions
  A howler monkey (D:8)
  2 jellies
  2 hounds
  2 orc priests
  A gnoll bouda (D:6)
  4 iguanas
  6 orc wizards
  4 gnolls (D:6)
  6 adders
  A white imp (D:8)
  An ufetubus (D:6)
  17 orcs
  4 bats (D:1)
  5 endoplasms
  A giant cockroach (D:1)
  3 goblins
  4 hobgoblins
  6 jackals
  A quokka (D:2)
  6 ball pythons
  A frilled lizard (D:2)
  A goblin skeleton (D:8)
  2 hobgoblin zombies (D:8)
  15 kobolds
  A kobold skeleton (D:8)
  A kobold zombie (D:8)
  An orc skeleton (D:8)
  4 orc zombies (D:8)
  6 rats
140 creatures vanquished.

Vanquished Creatures (others)
  6 plants
6 creatures vanquished.

Grand Total: 146 creatures vanquished

Notes
Turn   | Place    | Note
-------+----------+-------------------------------------------
     0 | D:1      | qw the Tengu Warper began the quest for the Orb.
     0 | D:1      | Reached XP level 1. HP: 12/12 MP: 4/4
     0 | D:1      | 0 ||| qw: Version: 0.1-a-89-g26bdef1
     0 | D:1      | 0 ||| qw: Game counter: 2599
     0 | D:1      | 0 ||| qw: Always use a shield: true
     0 | D:1      | 0 ||| qw: God list: Okawaru
     0 | D:1      | 0 ||| qw: Allow faded altars: false
     0 | D:1      | 0 ||| qw: Do Orc after D:15 true
     0 | D:1      | 0 ||| qw: Do second Lair branch before Depths: true
     0 | D:1      | 0 ||| qw: Lair rune preference: random
     0 | D:1      | 0 ||| qw: Plans: Normal
     0 | D:1      | 0 ||| PLANNING D:1-11
   110 | D:1      | Found Difon's General Store.
   120 | D:1      | 120 ||| SHOPLISTING +0 whip (30 gold, have 0).
   120 | D:1      | 120 ||| SHOPLISTING +6 hand axe of Agedgh {protect, Drain
                  | rElec Str+8 Dex+3} (781 gold, have 0).
   120 | D:1      | 120 ||| SHOPLISTING potion of curing (36 gold, have 0).
   260 | D:1      | Found a faded altar of an unknown god.
   281 | D:1      | Found Ozxuwk's Antique Weapon Shoppe.
   292 | D:1      | Reached XP level 2. HP: 16/17 MP: 6/6
   302 | D:1      | 302 ||| SHOPLISTING mace (72 gold, have 11).
   302 | D:1      | 302 ||| SHOPLISTING runed mace (144 gold, have 11).
   302 | D:1      | 302 ||| SHOPLISTING runed whip (132 gold, have 11).
   302 | D:1      | 302 ||| SHOPLISTING whip (60 gold, have 11).
   309 | D:1      | Reached skill level 3 in Axes
   345 | D:1      | Found Reroanou's Assorted Antiques.
   375 | D:1      | 375 ||| BUYING dark potion (27 gold).
   375 | D:1      | Bought a dark potion for 27 gold pieces
   375 | D:1      | 375 ||| SHOPLISTING fizzy inky potion (27 gold, have 3).
   375 | D:1      | 375 ||| SHOPLISTING ring mail (120 gold, have 3).
   375 | D:1      | 375 ||| SHOPLISTING scale mail (120 gold, have 3).
   375 | D:1      | 375 ||| SHOPLISTING scroll labelled JEIRRE FIXU (30 gold,
                  | have 3).
   390 | D:1      | 390 ||| Stepping ~*~*~tactically~*~*~ (stealth).
   392 | D:1      | 392 ||| Stepping ~*~*~tactically~*~*~ (stealth).
   426 | D:1      | Found Maddiac's Distillery.
   435 | D:1      | 435 ||| DROPPING +0 club.
   437 | D:1      | Found Fuih's Magic Scroll Shoppe.
   460 | D:1      | 460 ||| SHOPLISTING scroll of enchant weapon (82 gold, have
                  | 13).
   460 | D:1      | 460 ||| SHOPLISTING scroll of identify (22 gold, have 13).
   460 | D:1      | 460 ||| SHOPLISTING scroll of teleportation (33 gold, have
                  | 13).
   721 | D:1      | 721 ||| UPGRADING to +0 ring mail.
   731 | D:1      | 731 ||| DROPPING +0 leather armour.
   732 | D:1      | 732 ||| DROPPING amulet of magic regeneration.
   733 | D:1      | 733 ||| UPGRADING to +4 ring of protection.
   734 | D:1      | 734 ||| READING scroll labelled TEFEUCS HIUCZO.
   735 | D:1      | 735 ||| READING scroll labelled JEIRRE FIXU.
   736 | D:1      | 736 ||| READING scroll labelled LEAPHE KU NOJA.
   737 | D:1      | 737 ||| READING scroll labelled ZEUGUE QUMYASE.
   738 | D:1      | 738 ||| READING 2 scrolls labelled CYESEXZOWA.
   739 | D:1      | 739 ||| READING scroll labelled USSUMA VAS ZAR.
   740 | D:1      | 740 ||| READING scroll labelled IRIUMYWOIL.
   741 | D:1      | 741 ||| DRINKING 2 fuming amethyst potions.
   845 | D:1      | 845 ||| DRINKING 2 puce potions.
   846 | D:1      | 846 ||| DROPPING scroll of blinking.
   847 | D:1      | 847 ||| DROPPING potion of berserk rage.
   848 | D:1      | 848 ||| DROPPING potion of brilliance.
   849 | D:1      | 849 ||| DROPPING scroll of fear.
   923 | D:2      | Reached XP level 3. HP: 21/21 MP: 7/7
   923 | D:2      | Found Quomu's Antique Weapon Emporium.
   928 | D:2      | 928 ||| SHOPLISTING broad axe (88 gold, have 14).
   928 | D:2      | 928 ||| SHOPLISTING war axe (77 gold, have 14).
   973 | D:2      | 973 ||| Stepping ~*~*~tactically~*~*~ (stealth).
  1289 | D:2      | 1289 ||| UPGRADING to +0 plate armour.
  1299 | D:2      | 1299 ||| DROPPING +0 ring mail.
  1300 | D:2      | 1300 ||| DROPPING amulet of faith.
  1301 | D:2      | 1301 ||| UPGRADING to ring of see invisible.
  1302 | D:2      | 1302 ||| READING scroll labelled HYUBEE PIYLA.
  1305 | D:2      | 1305 ||| DRINKING 2 cyan potions.
  1349 | D:2      | 1349 ||| DROPPING potion of lignification.
  1383 | D:3      | Found Eneesuf's Antique Armour Shoppe.
  1390 | D:3      | 1390 ||| SHOPLISTING glowing chain mail (210 gold, have
                  | 50).
  1459 | D:3      | Reached skill level 4 in Axes
  1489 | D:3      | 1489 ||| Stepping ~*~*~tactically~*~*~ (stealth).
  1504 | D:3      | 1504 ||| Stepping ~*~*~tactically~*~*~ (stealth).
  1732 | D:3      | Found Dinkeg's Armour Boutique.
  1819 | D:3      | Found Zoapen's General Store.
  1838 | D:3      | Reached XP level 4. HP: 21/26 MP: 8/8
  1895 | D:3      | 1895 ||| BUYING scroll of teleportation (36 gold).
  1895 | D:3      | Bought a scroll of teleportation for 36 gold pieces
  1895 | D:3      | Found Bijyxzos's Magic Scroll Boutique.
  1901 | D:3      | 1901 ||| SHOPLISTING 3 scrolls of identify (78 gold, have
                  | 37).
  1901 | D:3      | 1901 ||| SHOPLISTING scroll of enchant armour (97 gold,
                  | have 37).
  1901 | D:3      | 1901 ||| BUYING scroll of identify (26 gold).
  1901 | D:3      | Bought a scroll of identify for 26 gold pieces
  1901 | D:3      | 1901 ||| SHOPLISTING scroll of teleportation (39 gold, have
                  | 11).
  2149 | D:3      | 2149 ||| Stepping ~*~*~tactically~*~*~ (stealth).
  2234 | D:3      | Found Itiac's Jewellery Emporium.
  2236 | D:3      | 2236 ||| SHOPLISTING +4 ring of protection (468 gold, have
                  | 23).
  2236 | D:3      | 2236 ||| SHOPLISTING ring "Nobbuyrch" {rC++ EV+4 Str-4
                  | Dex+4 Slay+2} (895 gold, have 23).
  2236 | D:3      | 2236 ||| SHOPLISTING ring "Wuijy" {Will- Str+6 Int+9} (750
                  | gold, have 23).
  2236 | D:3      | 2236 ||| SHOPLISTING ring of Fan Wuhahamm {rPois Will+
                  | rCorr Stlth+} (579 gold, have 23).
  2236 | D:3      | 2236 ||| SHOPLISTING ring of Fofukl Oced {Fire rCorr Str+2}
                  | (543 gold, have 23).
  2236 | D:3      | 2236 ||| SHOPLISTING ring of positive energy (260 gold,
                  | have 23).
  2236 | D:3      | 2236 ||| SHOPLISTING ring of protection from cold (325
                  | gold, have 23).
  2555 | D:3      | 2555 ||| READING scroll labelled KOWUKHL QUGGE.
  2556 | D:3      | 2556 ||| READING scroll labelled AGGATUOMEW.
  2564 | D:3      | Noticed Sigmund
  2565 | D:3      | 2565 ||| Stepping ~*~*~tactically~*~*~ (stealth).
  2578 | D:3      | Killed Sigmund
  2579 | D:3      | Reached skill level 6 in Axes
  2579 | D:3      | Gained mutation: Your magical nature lets you fly swiftly
                  | and evasively. [Tengu growth]
  2579 | D:3      | Reached XP level 5. HP: 24/30 MP: 9/9
  2579 | D:3      | Reached XP level 6. HP: 29/35 MP: 10/10
  2689 | D:4      | Found a staircase to the Ecumenical Temple.
  2690 | D:4      | 2690 ||| PLANNING TEMPLE
  2698 | Temple   | Entered the Ecumenical Temple
  2706 | Temple   | Became a worshipper of Warmaster Okawaru
  2787 | Temple   | 2787 ||| PLANNING D:1-11
  3185 | D:4      | 3185 ||| Stepping ~*~*~tactically~*~*~ (stealth).
  3186 | D:4      | 3186 ||| Stepping ~*~*~tactically~*~*~ (stealth).
  3280 | D:4      | 3280 ||| READING 3 scrolls of identify.
  3280 | D:4      | 3280 ||| IDENTIFYING fizzy inky potion
  3281 | D:4      | 3281 ||| READING 2 scrolls of identify.
  3281 | D:4      | 3281 ||| IDENTIFYING clear potion
  3282 | D:4      | 3282 ||| DROPPING potion of flight.
  3297 | D:5      | Entered Level 5 of the Dungeon
  3312 | D:5      | HP: 5/35 [ogre/+0 giant spiked club (15)]
  3313 | D:5      | 3313 ||| READING 3 scrolls of teleportation.
  3315 | D:5      | Reached skill level 7 in Axes
  3476 | D:5      | Reached skill level 3 in Armour
  3476 | D:5      | Reached XP level 7. HP: 26/40 MP: 11/11
  3569 | D:5      | Reached * piety under Okawaru
  3682 | D:5      | 3682 ||| INVOKING Heroism.
  3685 | D:5      | Reached skill level 3 in Fighting
  3978 | D:5      | Reached skill level 1 in Invocations
  3985 | D:5      | 3985 ||| INVOKING Heroism.
  4111 | D:5      | 4111 ||| INVOKING Heroism.
  4168 | D:5      | 4168 ||| INVOKING Heroism.
  4176 | D:5      | Reached skill level 8 in Axes
  4213 | D:5      | Reached XP level 8. HP: 45/46 MP: 12/12
  4220 | D:5      | 4220 ||| Stepping ~*~*~tactically~*~*~ (stealth).
  4227 | D:5      | 4227 ||| Stepping ~*~*~tactically~*~*~ (stealth).
  4242 | D:5      | 4242 ||| Stepping ~*~*~tactically~*~*~ (stealth).
  4243 | D:5      | 4243 ||| Stepping ~*~*~tactically~*~*~ (stealth).
  4245 | D:5      | 4245 ||| INVOKING Heroism.
  4256 | D:5      | Reached skill level 3 in Invocations
  4485 | D:5      | 4485 ||| Stepping ~*~*~tactically~*~*~ (stealth).
  4539 | D:5      | 4539 ||| READING 2 scrolls of identify.
  4539 | D:5      | 4539 ||| IDENTIFYING viscous dark potion
  4540 | D:5      | 4540 ||| DROPPING potion of attraction.
  4552 | D:6      | 4552 ||| INVOKING Heroism.
  4748 | D:6      | Found a shadowy altar of Dithmenos.
  4847 | D:6      | 4847 ||| INVOKING Heroism.
  5154 | D:6      | Found Tur Pani's Book Shoppe.
  5202 | D:6      | 5202 ||| Stepping ~*~*~tactically~*~*~ (stealth).
  5222 | D:6      | 5222 ||| INVOKING Heroism.
  5225 | D:6      | Reached skill level 9 in Axes
  5451 | D:6      | 5451 ||| INVOKING Heroism.
  5553 | D:6      | 5553 ||| Stepping ~*~*~tactically~*~*~ (hiding).
  5640 | D:6      | 5640 ||| INVOKING Heroism.
  5804 | D:6      | Found a glowing silver altar of Zin.
  6037 | D:6      | 6037 ||| READING 2 scrolls of identify.
  6037 | D:6      | 6037 ||| IDENTIFYING smoky pink potion
  6259 | D:7      | Reached XP level 9. HP: 52/52 MP: 13/13
  6261 | D:7      | 6261 ||| INVOKING Heroism.
  6296 | D:7      | Found a runed translucent gate.
  6296 | D:7      | Found a runed translucent gate.
  6297 | D:7      | Found a runed translucent gate.
  6298 | D:7      | Noticed qw's ghost (novice TeWr)
  6298 | D:7      | Noticed a kobold demonologist
  6370 | D:7      | Reached ** piety under Okawaru
  6472 | D:7      | 6472 ||| INVOKING Heroism.
  6487 | D:7      | Reached skill level 10 in Axes
  6503 | D:7      | Identified the +8 falchion of Fimbulwinter {elec, Str+3}
  6527 | D:7      | Found a broken altar of Ashenzari.
  6547 | D:7      | 6547 ||| INVOKING Heroism.
  7078 | D:7      | 7078 ||| READING scroll labelled UHEAXA MENAWA.
  7115 | D:8      | Noticed a hornet
  7125 | D:8      | 7125 ||| INVOKING Heroism.
  7130 | D:8      | Killed a hornet
  7147 | D:8      | 7147 ||| FLEEEEING.
  7149 | D:8      | 7149 ||| Stepping ~*~*~tactically~*~*~ (stealth).
  7151 | D:8      | 7151 ||| Stepping ~*~*~tactically~*~*~ (hiding).
  7152 | D:8      | 7152 ||| FLEEEEING.
  7153 | D:8      | 7153 ||| Stepping ~*~*~tactically~*~*~ (hiding).
  7154 | D:8      | 7154 ||| FLEEEEING.
  7155 | D:8      | 7155 ||| Stepping ~*~*~tactically~*~*~ (hiding).
  7156 | D:8      | 7156 ||| INVOKING Heroism.
  7366 | D:8      | Found a glowing golden altar of the Shining One.
  7368 | D:8      | 7368 ||| Stepping ~*~*~tactically~*~*~ (hiding).
  7370 | D:8      | 7370 ||| INVOKING Heroism.
  7597 | D:8      | 7597 ||| INVOKING Heroism.
  7611 | D:8      | Reached skill level 11 in Axes
  7616 | D:8      | HP: 7/54 [yak (7)]
  7617 | D:8      | 7617 ||| READING 4 scrolls of teleportation.
  7959 | D:8      | Reached *** piety under Okawaru
  8106 | D:8      | 8106 ||| UPGRADING to +0 pair of gloves of hurling.
  8111 | D:8      | 8111 ||| READING 2 scrolls of identify.
  8111 | D:8      | 8111 ||| IDENTIFYING brown potion
  8134 | D:9      | Reached skill level 3 in Throwing
  8134 | D:9      | Reached XP level 10. HP: 54/60 MP: 14/14
  8137 | D:9      | 8137 ||| Stepping ~*~*~tactically~*~*~ (hiding).
  8140 | D:9      | 8140 ||| INVOKING Heroism.
  8148 | D:9      | Noticed a two-headed ogre
  8153 | D:9      | Reached skill level 12 in Axes
  8153 | D:9      | 8153 ||| Stepping ~*~*~tactically~*~*~ (hiding).
  8153 | D:9      | Noticed a wizard
  8155 | D:9      | Noticed a tengu warrior
  8160 | D:9      | HP: 12/60 [two-headed ogre/+0 giant club (13)]
  8161 | D:9      | 8161 ||| READING 3 scrolls of teleportation.
  8161 | D:9      | HP: 3/60 [centaur/arrow (9)]
  8162 | D:9      | Hit by a stone thrown by a tengu warrior

Levels and vault maps discovered:
D:1:      psy_arrival_fountain, layout_basic, serial_shops,
          nicolae_shop_temple_entry_statues_fountains,
          nicolae_shop_overgrown_old_shop, nicolae_shop_trees,
          nicolae_diamond_shop, nicolae_shop_waterfront,
          ebering_ecumenical_altar_sacrificial
D:2:      layout_rooms, serial_shops, shop
D:3:      layout_loops_corners, serial_shops, shop, shop, nicolae_square_shop,
          shop, shop, dk_noncrumbling_2, minmay_statues_item,
          serial_bayou_pond_b, hangedman_decor_clover_reticule, uniq_sigmund
D:4:      layout_cave_pools, minmay_temple_entry_trees, serial_bayou_pond_a
D:5:      layout_basic
D:6:      layout_loops_corners, zin_scriptorium,
          grunt_dithmenos_smoke_and_mirrors, serial_shops,
          nicolae_shop_hallway_plus
D:7:      layout_basic, overflow_temple_1_default, gammafunk_ghost_nasty_kobolds
D:8:      layout_rooms, nicolae_tso_besieged_by_evil, serial_corexii_hall,
          corexii_hall_statues_i, chequers_hall_statues_y, bh_walls_and_bars
D:9:      cheibrodos_fzero, layout_loops_corners,
          nicolae_qazlal_style_of_elements, led_xom_imps,
          erik_lair_orcish_takeover, serial_shops, shop_fountains,
          nicolae_stop_n_shop_2, nicolae_shop_statue_plus, shop, minivault_19,
          st_stairs_10, uniq_psyche
Temple:   nicolae_temple_two_arcs

Skill      XL: |  1  2  3  4  5  6  7  8  9 10 |
---------------+-------------------------------+-----
Axes           | 3 4 6 7 8 9 11 12 | 12.0
Armour         | 2 3 4 5 |  5.4
Fighting       | 3 4 5 |  5.6
Invocations    | 2 4 |  4.0
Throwing       | 2 3 |  3.0
Dodging        | |  2.1
Spellcasting   | |  2.0
Translocations | |  2.4

Action                   |  1- 3 |  4- 6 |  7- 9 | 10-12 || total
-------------------------+-------+-------+-------+-------++-------
Melee: Hand axe          |    74 |    64 |   316 |    20 ||   474
       Kick              |    20 |    17 |    98 |     7 ||   142
       Peck              |    12 |     8 |    63 |     2 ||    85
       Punch             |       |       |     5 |     3 ||     8
Throw: Boomerang         |     7 |       |       |       ||     7
       Javelin           |       |       |    33 |       ||    33
Invok: Heroism           |       |       |    17 |     1 ||    18
  Use: Scroll            |     8 |     5 |     5 |     1 ||    19
       Potion            |     3 |       |       |       ||     3
Armor: Leather armour    |     7 |       |       |       ||     7
       Plate armour      |    20 |    29 |   168 |    19 ||   236
       Ring mail         |     2 |       |       |       ||     2
Dodge: Dodged            |    27 |    14 |    71 |    12 ||   124

Table legend:
 A = Non-vault XP
 B = Vault XP
 C = Vault XP percentage of total XP
 D = Non-vault monster count
 E = Vault monster count
 F = Vault count percentage of total count
                 A         B        C        D         E       F
            +---------+---------+-------+---------+---------+-------
      Total |    4383 |     837 |  16.0 |     122 |      18 |  12.9
            +---------+---------+-------+---------+---------+-------
        D:1 |      33 |       0 |   0.0 |      20 |       0 |   0.0
        D:2 |       9 |       0 |   0.0 |       6 |       0 |   0.0
        D:3 |     108 |     242 |  69.1 |      15 |       3 |  16.7
        D:4 |      92 |       0 |   0.0 |      10 |       0 |   0.0
        D:5 |     994 |       0 |   0.0 |      21 |       0 |   0.0
        D:6 |     672 |       0 |   0.0 |      14 |       0 |   0.0
        D:7 |     739 |       0 |   0.0 |      23 |       0 |   0.0
        D:8 |    1736 |      20 |   1.1 |      13 |      11 |  45.8
        D:9 |       0 |     575 | 100.0 |       0 |       4 | 100.0
            +---------+---------+-------+---------+---------+-------
